 Dungeon Crawl Stone Soup version 0.30-a0-728-gc68057be0a (webtiles) character file.

Game seed: 4338155311863824860

112 Angani the Grave Robber (level 4, -6/37 HPs)
             Began as a Draconian Necromancer on Jan 30, 2023.
             Killed by divine providence
             ... invoked by an orc priest
              (11 damage)
             ... on level 2 of the Dungeon.
             The game lasted 00:03:32 (1733 turns).

Angani the Grave Robber (Draconian Necromancer)     Turns: 1733, Time: 00:03:32

Health: -6/37      AC:  5    Str: 11    XL:     4   Next: 63%
Magic:  4/8        EV: 12    Int: 15    God:
Gold:   135        SH:  0    Dex: 13    Spells: 8/9 levels left

rFire   . . .      SeeInvis .    j - +2 dagger (holy)
rCold   . . .      Faith    .    (no shield)
rNeg    . . .      Spirit   .    (body armour unavailable)
rPois   .          Reflect  .    (helmet restricted)
rElec   .          Harm     .    (no cloak)
rCorr   .          Rampage  .    (no gloves)
Will    .....                    (no boots)
Stlth   ++                       (no amulet)
HPRegen 0.26/turn                (no ring)
MPRegen 0.11/turn                (no ring)

@: no status effects
A: AC +5, unfitting armour, cold-blooded
a: no special abilities


You were on level 2 of the Dungeon.
You visited 1 branch of the dungeon, and saw 3 of its levels.

You collected 135 gold pieces.

Inventory:

Hand Weapons
 j - a +2 dagger of holy wrath (weapon)
Missiles
 e - 4 silver javelins
Scrolls
 c - a scroll of magic mapping
 g - a scroll of blinking
 i - a scroll of amnesia
Potions
 a - a potion of magic
 b - a potion of mutation {unknown}
 d - a potion of attraction {unknown}
 f - 2 potions of curing {unknown}


   Skills:
 + Level 2.5 Fighting
 - Level 1.7 Dodging
 - Level 1.7 Stealth
 + Level 3.1 Spellcasting
 + Level 4.8 Necromancy


You had 8 spell levels left.
You knew the following spells:

 Your Spells              Type           Power      Damage    Failure   Level
a - Necrotise             Necr           64%        1d7       2%          1

Your spell library contained the following spells:

 Spells                   Type           Power      Damage    Failure   Level
 Vampiric Draining        Necr           16%        2d7       9%          3
 Sandblast                Erth           4%         2d4       21%         1
 Animate Dead             Necr           16%        N/A       28%         4
 Passwall                 Tmut/Erth      1%         N/A       30%         2
 Confusing Touch          Hex            2%         N/A       52%         3
 Stone Arrow              Conj/Erth      4%         3d7       52%         3
 Tukima's Dance           Hex            2%         N/A       52%         3
 Agony                    Necr           16%        N/A       61%         5
 Fulminant Prism          Conj/Hex       1%         3d5       89%         4
 Silence                  Hex/Air        1%         N/A       99%         5


Dungeon Overview and Level Annotations

Branches:
Dungeon (3/15)

Altars:


Innate Abilities, Weirdness & Mutations

Your plain brown scales are hard. (AC +5)
You cannot fit into any form of body armour.
You are cold-blooded and may be slowed by cold attacks.


Message History

Magic restored.
There is a stone staircase leading down here.
Things that are here:
a +0 dagger; a +0 robe You climb downwards.
The orc priest hits you with a +0 flail!
There is a stone staircase leading up here.
Unknown command.
The orc priest closely misses you.
The orc priest calls down the wrath of Beogh upon you.
Beogh smites you!
You climb upwards.
There is a stone staircase leading down here.
Things that are here:
a +0 robe; a +0 dagger Unknown command.
Aiming: Necrotise (safe; 2% risk of failure)
Press: ? - help, Q - select action, (/) - cycle Shift-Dir - straight line, f - orc priest
Aim: an orc priest, wielding a +0 flail (chance to affect: 73%)
The orc priest struggles to resist.
The orc priest misses you.
Aiming: Necrotise (safe; 2% risk of failure)
Press: ? - help, Q - select action, (/) - cycle Shift-Dir - straight line, f/p - orc priest
Aim: an orc priest, wielding a +0 flail (chance to affect: 73%)
The orc priest struggles to resist.
The orc priest completely misses you.
Aiming: Necrotise (safe; 2% risk of failure)
Press: ? - help, Q - select action, (/) - cycle Shift-Dir - straight line, f/p - orc priest
Aim: an orc priest, wielding a +0 flail (chance to affect: 73%)
The orc priest struggles to resist.
The orc priest mumbles some strange prayers to Beogh against you.
Beogh smites you!
* * * LOW HITPOINT WARNING * * *
Aiming: Necrotise (safe; 2% risk of failure)
Press: ? - help, Q - select action, (/) - cycle Shift-Dir - straight line, f/p - orc priest
Aim: an orc priest, wielding a +0 flail (chance to affect: 73%)
The orc priest struggles to resist.
The orc priest calls down the wrath of Beogh upon you.
Beogh smites you!
You die...

#### #... ####### #.## ###
#..†..##########.# ##.##
##.###............# ####...##
#..@..............# ........#
#.)o...##.#######.## .###...##
#..###.##########... .#
##.########...##..............
.#
#..........#.###...........#.
.# #..#######.#.#
#.#########.## .# #..#
#.#.###.##### ##.## .#
#..#######...........####....
.#
#.........)...........##.....


You could see an orc priest.

Vanquished Creatures
  An orc priest (D:2)
  An orc wizard (D:2)
  An adder (D:2)
  4 dart slugs
  4 ball pythons
  4 endoplasms
  4 goblins
  2 hobgoblins
  4 jackals (D:2)
  4 quokkas (D:1)
  4 bats (D:1)
  A frilled lizard (D:1)
  3 kobolds (D:1)
  A rat (D:1)
38 creatures vanquished.

Vanquished Creatures (others)
  A plant (D:1)
1 creature vanquished.

Grand Total: 39 creatures vanquished

Notes
Turn   | Place    | Note
-------+----------+-------------------------------------------
     0 | D:1      | Angani the Draconian Necromancer began the quest for the
                  | Orb.
     0 | D:1      | Reached XP level 1. HP: 14/14 MP: 3/3
   104 | D:1      | Reached XP level 2. HP: 18/22 MP: 5/5
   108 | D:1      | Reached skill level 1 in Fighting
   531 | D:1      | Reached XP level 3. HP: 27/28 MP: 6/6
  1130 | D:2      | Got Uzxuruq's Vellum of Guile
  1585 | D:2      | Reached XP level 4. HP: 21/36 MP: 3/8
  1733 | D:2      | Killed from afar by an orc priest

Illustrated notes

Levels and vault maps discovered:
D:1:      grunt_arrival_crossed_arrows, layout_basic, serial_bayou_pond_b,
          kennysheep_decorative_pillar
D:2:      layout_loops_ring
D:3:      layout_basic, mainiacjoe_overflow_chevrons,
          hellmonk_ecumenical_altar_leap_of_faith

Skill      XL: |  1  2  3  4 |
---------------+-------------+-----
Fighting       | 1 2 |  2.5
Spellcasting   | 3 |  3.1
Dodging        | |  1.7
Stealth        | |  1.7
Necromancy     | |  4.8

Action                     |  1- 3 |  4- 6 || total
---------------------------+-------+-------++-------
  Melee: Dagger            |   179 |     3 ||   182
         Tailslap          |    17 |     2 ||    19
   Cast: Necrotise         |     4 |    12 ||    16
    Use: Scroll            |     6 |       ||     6
   Stab: Sleeping          |     1 |       ||     1
 Armour: Skin              |    73 |     5 ||    78
  Dodge: Dodged            |   122 |    11 ||   133

Table legend: (Time is in decaauts)
 A = Elapsed time spent in this place.
 B = Non-inter-level travel time spent in this place.
 C = Inter-level travel time spent in this place.
 D = Time resting spent in this place.
 E = Time spent auto-exploring this place.
 F = Levels seen in this place.
 G = Mean time per level.
                   A        B        C        D        E       F      G
               +--------+--------+--------+--------+--------+-----+--------+
         Total |   1743 |   1693 |     50 |    187 |   1097 |   3 |  581.0 |
       Dungeon |   1743 |   1693 |     50 |    187 |   1097 |   3 |  581.0 |
               +--------+--------+--------+--------+--------+-----+--------+

Top non-repeatable levels by time:
     D:2: 898 daAuts
     D:1: 820 daAuts
     D:3: 24 daAuts
